 Dungeon Crawl Stone Soup version 0.29.0-4-gdea44cf6ec (webtiles) character file.

Game seed: 11803400334550169703

29334 qw the Brawler (level 13, -2/127 HPs)
             Began as a Troll Cinder Acolyte on Sept 2, 2022.
             Was a Follower of Okawaru.
             Slain by a meliai
             ... wielding a +0 war axe
              (4 damage)
             ... while petrified by a basilisk
             ... on level 4 of the Lair of Beasts.
             The game lasted 00:07:29 (12555 turns).

qw the Brawler (Troll Cinder Acolyte)              Turns: 12555, Time: 00:07:30

Health: -2/127     AC:  8    Str: 29    XL:     13   Next: 14%
Magic:  11/13      EV:  1    Int:  7    God:    Okawaru [*.....]
Gold:   1796       SH:  0    Dex: 11    Spells: 14/14 levels left

rFire   . . .      SeeInvis +     - Unarmed
rCold   x . .      Faith    .   (no shield)
rNeg    + + +      Spirit   .   f - +0 troll leather armour {Pargi}
rPois   inf        Reflect  +   (helmet restricted)
rElec   +          Harm     .   k - +0 cloak
rCorr   .          Rampage  .   (gloves unavailable)
Will    .....                   (boots unavailable)
Stlth   ++........              h - amulet of reflection
HPRegen 1.91/turn               j - ring of the Shining Light {Fire rElec Will- Int-3 SInv}
MPRegen 0.13/turn               c - +6 ring of dexterity

@: lethally poisoned (-2 -> -2), petrified, heroic, fire susceptible
A: large, unfitting armour, claws 3, regeneration 1, shaggy fur 1, tough skin 1
a: Renounce Religion, Heroism


You were on level 4 of the Lair of Beasts.
You worshipped Okawaru.
Okawaru was aware of your devotion.
You visited 2 branches of the dungeon, and saw 15 of its levels.
You also visited: Sewer.

You collected 1796 gold pieces.


Innate Abilities, Weirdness & Mutations

You are too large for most types of armour.
You have claws for hands.
Your natural rate of healing is unusually fast.
You are covered in fur. (AC +1)
You have tough skin. (AC +1)


   Skills:
 + Level 7.9(12.9) Fighting
 - Level 7.1(12.1) Throwing
 - Level 2.1(7.1) Armour
 - Level 4.0(9.0) Dodging
 - Level 18.0(23.0) Unarmed Combat
 - Level 1.0 Spellcasting
 - Level 2.1 Fire Magic
 + Level 2.3 Invocations


You had 14 spell levels left.
You didn't know any spells.
Your spell library contained the following spells:

 Spells                   Type           Power      Damage    Failure   Level
 Scorch                   Fire           10%        2d5       28%         2

Inventory:

Missiles
 d - 11 boomerangs
 e - 8 large rocks (quivered)
Armour
 f - a +0 troll leather armour (worn) {Pargi}
 k - a +0 cloak (worn)
Jewellery
 a - a ring of willpower
 c - a +6 ring of dexterity (right claw)
 h - an amulet of reflection (around neck)
 j - the ring of the Shining Light (left claw) {Fire rElec Will- Int-3 SInv}
   (You found it on level 3 of the Dungeon)

   [ring of fire]

   It enhances your fire magic.
   Int:       It affects your intelligence (-3).
   rF:        It protects you from fire.
   rC:        It makes you vulnerable to cold.
   rElec:     It insulates you from electricity.
   SInv:      It lets you see invisible.
   Will:      It decreases your willpower.
Scrolls
 p - 3 scrolls of identify
Potions
 b - 11 potions of curing
 g - 6 potions of haste
 i - 2 potions of mutation
 q - a potion of resistance

Dungeon Overview and Level Annotations

Branches:
Dungeon (11/15)            Temple (0/1) D:4            Lair (4/5) D:11
  Swamp (0/4) Lair:2        Snake (0/4) Lair:3        Slime (0/5) Lair:4
    Orc (0/2) D:9           Sewer (visited)

Altars:
Ashenzari
Gozag
Nemelex Xobeh
Okawaru
Qazlal
Ru
Uskayaw
Vehumet
Wu Jian
Xom
Zin
The Shining One
Jiyva

Shops:
D:4 *   D:7 (

Annotations:
D:5 5 runed translucent doors, qw's ghost, novice TeWr; qw's ghost, novice TrCA
Lair:1 2 transporters


Message History

The basilisk gazes at you.
You are slowing down.
A river rat comes into view.
You feel like a meek peon again.
You feel very sick. The water moccasin bites you.
Your limbs are stiffening.
12550 ||| INVOKING Heroism.
You gain the combat prowess of a mighty hero.
You feel sick.
The meliai buzzes angrily.
The meliai mumbles some strange prayers to its god against you.
Something smites you! The basilisk gazes at you.
You struggle to resist.
You block the water moccasin's attack.
The water moccasin bites you but does no damage.
You hear a roar!
You have turned to stone.
The water moccasin bites you but does no damage.
The basilisk gazes at you.
A six-headed hydra comes into view.
The water moccasin bites you. The meliai hits you with a +0 war axe!
The meliai stings you! The basilisk bites you!
The water moccasin completely misses you.
The meliai hits you with a +0 war axe!
The meliai stings you but does no damage.
The meliai hits you with a +0 war axe.
The meliai stings you but does no damage.
The water moccasin bites you but does no damage.
The basilisk bites you but does no damage.
The meliai hits you with a +0 war axe.
The meliai stings you but does no damage.
The water moccasin bites you but does no damage.
The meliai hits you with a +0 war axe! The meliai stings you.
The killer bee stings you.
The basilisk bites you but does no damage.
The meliai calls down the wrath of its god upon you.
Something smites you! The killer bee stings you.
The water moccasin bites you but does no damage.
The meliai hits you with a +0 war axe!
You die...

###.....#
#.#.....#.#
.......#.#
##.....#.#
#......#.##
##........
##....S..# #
.....rl@y## P#
......y...#..###
...D............
................
................
..
##..............
.
#..###..........
. . ...
####....... ..
.. #......
...###


You could see a six-headed hydra, a basilisk, a water moccasin, a meliai, a
killer bee and a river rat.

Vanquished Creatures
  A hydra (Lair:1)
  A catoblepas (Lair:2)
  A boulder beetle (D:11)
  6 two-headed ogres
  A bog body (Lair:2)
  A deep elf zephyrmancer (D:9)
  2 cyclopes (D:11)
  6 elephants (Lair:1)
  A black mamba (Lair:4)
  6 cane toads
  2 kobold demonologists (D:11)
  An unseen horror (D:11)
  5 komodo dragons
  A troll (D:11)
  3 polar bears (D:10)
  2 hornets
  Prince Ribbit (Lair:1)
  7 blink frogs
  A centaur simulacrum (D:10)
  2 wraiths (D:10)
  3 shadows (D:11)
  4 wyverns
  26 yaks
  6 fire elementals (Lair:3)
  An unseen horror simulacrum (D:10)
  A steam dragon (D:9)
  2 basilisks
  2 nagas (Lair:3)
  A warg (D:9)
  13 water moccasins
  Duvessa (D:5)
  Pargi (Sewer)
  2 black bears
  A sky beast (D:7)
  3 ice beasts
  4 orc warriors
  4 wolves
  2 centaurs
  3 ogres
  A phantom (D:5)
  A kobold brigand (D:11)
  8 bullfrogs
  A necrophage (D:5)
  9 scorpions
  9 wights
  Dowan (D:5)
  25 killer bees
  2 electric eels (D:10)
  6 howler monkeys
  A jelly (D:5)
  2 hounds (D:5)
  An iron imp (D:8)
  8 orc priests
  5 iguanas
  Natasha (twice) (D:3)
  6 orc wizards
  8 hell rats
  7 gnolls
  2 river rats (Lair:4)
  5 adders
  3 shadow imps
  9 white imps
  2 ufetubi
  3 worms
  3 dart slugs
  21 orcs
  6 ball pythons
  6 endoplasms
  6 giant cockroaches
  8 goblins
  5 hobgoblins
  2 jackals (D:1)
  9 kobolds
  4 quokkas
  18 bats
  2 frilled lizards (D:3)
  2 goblin skeletons (D:8)
  3 hobgoblin zombies (D:8)
  A kobold skeleton (D:8)
  3 kobold zombies (D:8)
  6 rats
363 creatures vanquished.

Vanquished Creatures (others)
  A white imp (D:10)
  An ufetubus (D:10)
  34 fungi
  38 plants
  6 withered plants (D:5)
80 creatures vanquished.

Grand Total: 443 creatures vanquished

Notes
Turn   | Place    | Note
-------+----------+-------------------------------------------
     0 | D:1      | qw the Troll Cinder Acolyte began the quest for the Orb.
     0 | D:1      | Reached XP level 1. HP: 22/22 MP: 1/1
     0 | D:1      | 0 ||| qw: Version: 0.1-a-97-g2dd2ca4
     0 | D:1      | 0 ||| qw: Game counter: 5001
     0 | D:1      | 0 ||| qw: Always use a shield: true
     0 | D:1      | 0 ||| qw: God list: Okawaru
     0 | D:1      | 0 ||| qw: Allow faded altars: false
     0 | D:1      | 0 ||| qw: Do Orc after D:15 true
     0 | D:1      | 0 ||| qw: Do second Lair branch before Depths: true
     0 | D:1      | 0 ||| qw: Lair rune preference: random
     0 | D:1      | 0 ||| qw: Plans: Normal
     0 | D:1      | 0 ||| PLANNING D:1-11
   197 | D:1      | Reached XP level 2. HP: 29/29 MP: 2/2
   589 | D:1      | 589 ||| READING scroll labelled SENEWN GEJUN.
   590 | D:1      | 590 ||| READING 3 scrolls labelled KOSYADA WOZEF.
   591 | D:1      | 591 ||| READING scroll labelled SITTOOB VAECW.
   592 | D:1      | 592 ||| DROPPING 2 scrolls of vulnerability.
   593 | D:1      | 593 ||| Stepping randomly (stuck).
   594 | D:1      | 594 ||| Stepping ~*~*~tactically~*~*~ (cloud).
   634 | D:2      | 634 ||| STAIRDANCE
   758 | D:2      | Reached skill level 4 in Unarmed Combat
  1181 | D:2      | Reached XP level 3. HP: 36/36 MP: 3/3
  1267 | D:2      | Identified the +7 leather armour of the Journeyman {Rampage
                  | rF+ rN+ Stlth-}
  1485 | D:2      | 1485 ||| UPGRADING to ring of willpower.
  1486 | D:2      | 1486 ||| READING 2 scrolls labelled USKULE VAQE.
  1487 | D:2      | 1487 ||| READING scroll labelled TUOHITSEHO.
  1490 | D:2      | 1490 ||| READING scroll labelled XECLI IXAE.
  1491 | D:2      | 1491 ||| DROPPING scroll of noise.
  1495 | D:3      | 1495 ||| PLANNING SEWER
  1719 | D:3      | Found a glowing silver altar of Zin.
  1885 | D:3      | Found a glowing drain.
  1886 | D:3      | 1886 ||| UPGRADING to +6 ring of dexterity.
  1887 | D:3      | 1887 ||| DRINKING 2 blue potions.
  1896 | D:3      | 1896 ||| Stepping ~*~*~tactically~*~*~ (stealth).
  1903 | D:3      | 1903 ||| Stepping ~*~*~tactically~*~*~ (stealth).
  1905 | D:3      | 1905 ||| Stepping ~*~*~tactically~*~*~ (stealth).
  1909 | D:3      | Reached XP level 4. HP: 44/44 MP: 4/4
  1914 | Sewer    | Entered a sewer
  1923 | Sewer    | Reached skill level 5 in Unarmed Combat
  1971 | Sewer    | Noticed Pargi
  1985 | Sewer    | Killed Pargi
  1986 | Sewer    | Reached XP level 5. HP: 46/50 MP: 5/5
  2029 | Sewer    | 2029 ||| UPGRADING to +0 troll leather armour {Pargi}.
  2039 | Sewer    | 2039 ||| DROPPING +0 robe.
  2040 | Sewer    | 2040 ||| DRINKING 2 orange potions.
  2145 | Sewer    | 2145 ||| DROPPING potion of berserk rage.
  2154 | D:3      | 2154 ||| PLANNING D:1-11
  2188 | D:3      | 2188 ||| Stepping ~*~*~tactically~*~*~ (hiding).
  2194 | D:3      | 2194 ||| INVOKING Fiery Armour.
  2200 | D:3      | 2200 ||| Stepping ~*~*~tactically~*~*~ (outnumbered).
  2201 | D:3      | 2201 ||| Stepping ~*~*~tactically~*~*~ (outnumbered).
  2204 | D:3      | 2204 ||| Stepping ~*~*~tactically~*~*~ (outnumbered).
  2205 | D:3      | 2205 ||| Stepping ~*~*~tactically~*~*~ (outnumbered).
  2230 | D:3      | Found a faded altar of an unknown god.
  2311 | D:3      | Identified the ring of the Shining Light {Fire rElec Will-
                  | Int-3 SInv}
  2320 | D:3      | 2320 ||| Stepping ~*~*~tactically~*~*~ (stealth).
  2323 | D:3      | 2323 ||| Stepping ~*~*~tactically~*~*~ (stealth).
  2643 | D:3      | Found a hide-covered altar of Uskayaw.
  2643 | D:3      | Noticed Natasha
  2650 | D:3      | Killed Natasha
  2654 | D:3      | 2654 ||| UPGRADING to amulet of guardian spirit.
  2659 | D:3      | 2659 ||| UPGRADING to ring of the Shining Light {Fire rElec
                  | Will- Int-3 SInv}.
  2661 | D:3      | 2661 ||| READING scroll labelled XODALU PERY.
  2684 | D:3      | 2684 ||| READING scroll labelled QUETSI ZETESI.
  2689 | D:3      | Noticed Natasha
  2690 | D:3      | 2690 ||| Stepping ~*~*~tactically~*~*~ (stealth).
  2698 | D:3      | Killed Natasha
  2699 | D:3      | Reached XP level 6. HP: 59/59 MP: 4/6
  2820 | D:4      | Reached skill level 6 in Unarmed Combat
  3035 | D:4      | Found a staircase to the Ecumenical Temple.
  3221 | D:4      | Found Bapt's Gadget Gallery.
  3460 | D:4      | 3460 ||| UPGRADING to amulet of reflection.
  3470 | D:4      | 3470 ||| DROPPING amulet of guardian spirit.
  3471 | D:4      | 3471 ||| READING scroll labelled XARUEQ DOSSY.
  3472 | D:4      | 3472 ||| DRINKING 2 coppery potions.
  3510 | D:4      | 3510 ||| DROPPING potion of lignification.
  3571 | D:5      | Entered Level 5 of the Dungeon
  3587 | D:5      | Found a broken altar of Ashenzari.
  3686 | D:5      | Reached skill level 7 in Unarmed Combat
  3698 | D:5      | Found a sparkling altar of Nemelex Xobeh.
  3704 | D:5      | Found a runed translucent gate.
  3704 | D:5      | Found a runed translucent gate.
  3704 | D:5      | Found a runed translucent gate.
  3706 | D:5      | 3706 ||| READING scroll labelled VOMPUA BESCHESY.
  3707 | D:5      | 3707 ||| READING scroll labelled GILIONENIC.
  3715 | D:5      | Reached XP level 7. HP: 61/66 MP: 7/7
  3719 | D:5      | 3719 ||| Stepping randomly (stuck).
  3720 | D:5      | 3720 ||| Stepping randomly (stuck).
  3721 | D:5      | 3721 ||| Stepping randomly (stuck).
  3768 | D:5      | Noticed qw's ghost (novice TrCA)
  3768 | D:5      | Noticed qw's ghost (novice TeWr)
  3783 | D:5      | Found a runed translucent door.
  3785 | D:5      | Found a runed translucent door.
  3847 | D:5      | Noticed Dowan
  3848 | D:5      | Noticed Duvessa
  3849 | D:5      | 3849 ||| INVOKING Fiery Armour.
  3854 | D:5      | 3854 ||| Stepping ~*~*~tactically~*~*~ (outnumbered).
  3855 | D:5      | 3855 ||| Stepping ~*~*~tactically~*~*~ (outnumbered).
  3856 | D:5      | 3856 ||| Stepping ~*~*~tactically~*~*~ (outnumbered).
  3857 | D:5      | 3857 ||| Stepping ~*~*~tactically~*~*~ (outnumbered).
  3858 | D:5      | 3858 ||| Stepping ~*~*~tactically~*~*~ (outnumbered).
  3859 | D:5      | Reached skill level 8 in Unarmed Combat
  3863 | D:5      | Killed Dowan
  3867 | D:5      | Killed Duvessa
  3868 | D:5      | Reached skill level 3 in Fighting
  3899 | D:5      | Reached XP level 8. HP: 75/75 MP: 8/8
  4004 | D:5      | 4004 ||| Stepping ~*~*~tactically~*~*~ (hiding).
  4013 | D:5      | 4013 ||| Stepping ~*~*~tactically~*~*~ (outnumbered).
  4014 | D:5      | 4014 ||| Stepping ~*~*~tactically~*~*~ (stealth).
  4015 | D:5      | 4015 ||| Stepping ~*~*~tactically~*~*~ (outnumbered).
  4016 | D:5      | 4016 ||| Stepping ~*~*~tactically~*~*~ (outnumbered).
  4017 | D:5      | 4017 ||| Stepping ~*~*~tactically~*~*~ (outnumbered).
  4020 | D:5      | Reached skill level 9 in Unarmed Combat
  4124 | D:5      | 4124 ||| Stepping ~*~*~tactically~*~*~ (outnumbered).
  4136 | D:5      | 4136 ||| FLEEEEING.
  4213 | D:5      | 4213 ||| UPGRADING to +0 cloak.
  4254 | D:6      | Reached skill level 1 in Armour
  4279 | D:6      | 4279 ||| INVOKING Fiery Armour.
  4365 | D:6      | 4365 ||| Stepping ~*~*~tactically~*~*~ (stealth).
  4415 | D:6      | 4415 ||| Stepping ~*~*~tactically~*~*~ (hiding).
  4419 | D:6      | 4419 ||| Stepping ~*~*~tactically~*~*~ (stealth).
  4561 | D:6      | 4561 ||| Stepping ~*~*~tactically~*~*~ (outnumbered).
  4705 | D:6      | Found an ornate altar of the Wu Jian Council.
  4711 | D:6      | Reached skill level 10 in Unarmed Combat
  4735 | D:6      | 4735 ||| Stepping ~*~*~tactically~*~*~ (hiding).
  4736 | D:6      | 4736 ||| Stepping ~*~*~tactically~*~*~ (hiding).
  4738 | D:6      | 4738 ||| Stepping ~*~*~tactically~*~*~ (hiding).
  4964 | D:6      | 4964 ||| Stepping ~*~*~tactically~*~*~ (hiding).
  4966 | D:6      | 4966 ||| Stepping ~*~*~tactically~*~*~ (hiding).
  4972 | D:6      | 4972 ||| DRINKING 4 potions of curing.
  4972 | D:6      | 4972 ||| (to cure confusion)
  5168 | D:6      | Reached XP level 9. HP: 84/84 MP: 9/9
  5338 | D:7      | 5338 ||| Stepping ~*~*~tactically~*~*~ (hiding).
  5365 | D:7      | Found a shimmering altar of Xom.
  5365 | D:7      | Found an opulent altar of Gozag.
  5365 | D:7      | Found a stormy altar of Qazlal.
  5366 | D:7      | Found a sacrificial altar of Ru.
  5373 | D:7      | Reached skill level 11 in Unarmed Combat
  5496 | D:7      | 5496 ||| Stepping ~*~*~tactically~*~*~ (hiding).
  5508 | D:7      | 5508 ||| INVOKING Fiery Armour.
  5613 | D:7      | 5613 ||| Stepping ~*~*~tactically~*~*~ (stealth).
  5620 | D:7      | 5620 ||| Stepping ~*~*~tactically~*~*~ (stealth).
  5675 | D:7      | 5675 ||| Stepping ~*~*~tactically~*~*~ (hiding).
  5782 | D:7      | 5782 ||| Stepping ~*~*~tactically~*~*~ (stealth).
  5869 | D:7      | Reached skill level 12 in Unarmed Combat
  5919 | D:7      | Found Tywuner's Weapon Emporium.
  5957 | D:7      | 5957 ||| Stepping ~*~*~tactically~*~*~ (stealth).
  6010 | D:7      | 6010 ||| READING scroll labelled TUCKAOPPYO.
  6024 | D:8      | 6024 ||| INVOKING Fiery Armour.
  6025 | D:8      | 6025 ||| Stepping ~*~*~tactically~*~*~ (outnumbered).
  6177 | D:8      | 6177 ||| Stepping ~*~*~tactically~*~*~ (stealth).
  6189 | D:8      | 6189 ||| Stepping ~*~*~tactically~*~*~ (stealth).
  6207 | D:8      | Found a glowing golden altar of the Shining One.
  6231 | D:8      | Noticed a two-headed ogre
  6239 | D:8      | Killed a two-headed ogre
  6240 | D:8      | Reached skill level 6 in Fighting
  6319 | D:8      | 6319 ||| Stepping ~*~*~tactically~*~*~ (stealth).
  6324 | D:8      | 6324 ||| Stepping ~*~*~tactically~*~*~ (hiding).
  6354 | D:8      | 6354 ||| FLEEEEING.
  6355 | D:8      | 6355 ||| FLEEEEING.
  6379 | D:8      | Reached XP level 10. HP: 97/98 MP: 10/10
  6520 | D:8      | 6520 ||| Stepping ~*~*~tactically~*~*~ (hiding).
  6521 | D:8      | 6521 ||| Stepping ~*~*~tactically~*~*~ (hiding).
  6524 | D:8      | 6524 ||| INVOKING Fiery Armour.
  6535 | D:8      | 6535 ||| Stepping ~*~*~tactically~*~*~ (outnumbered).
  6538 | D:8      | 6538 ||| FLEEEEING.
  6539 | D:8      | 6539 ||| FLEEEEING.
  6540 | D:8      | 6540 ||| FLEEEEING.
  6541 | D:8      | 6541 ||| FLEEEEING.
  6589 | D:8      | Noticed a two-headed ogre
  6596 | D:8      | Killed a two-headed ogre
  6597 | D:8      | Reached skill level 3 in Throwing
  6759 | D:8      | 6759 ||| DROPPING amulet of regeneration.
  6760 | D:8      | 6760 ||| READING scroll labelled HISYARR XYTOX.
  6761 | D:8      | 6761 ||| READING 2 scrolls of identify.
  6761 | D:8      | 6761 ||| IDENTIFYING smoky puce potion
  6762 | D:8      | 6762 ||| DROPPING potion of magic.
  6822 | D:9      | Found a staircase to the Orcish Mines.
  6823 | D:9      | 6823 ||| INVOKING Fiery Armour.
  6827 | D:9      | 6827 ||| Stepping ~*~*~tactically~*~*~ (outnumbered).
  6840 | D:9      | 6840 ||| Stepping ~*~*~tactically~*~*~ (outnumbered).
  6850 | D:9      | 6850 ||| FLEEEEING.
  6851 | D:9      | 6851 ||| FLEEEEING.
  6852 | D:9      | 6852 ||| FLEEEEING.
  6853 | D:9      | 6853 ||| FLEEEEING.
  6854 | D:9      | 6854 ||| FLEEEEING.
  6855 | D:9      | 6855 ||| FLEEEEING.
  6856 | D:9      | 6856 ||| FLEEEEING.
  6857 | D:9      | 6857 ||| FLEEEEING.
  6858 | D:9      | 6858 ||| FLEEEEING.
  6859 | D:9      | 6859 ||| FLEEEEING.
  6860 | D:9      | 6860 ||| FLEEEEING.
  6982 | D:9      | Reached skill level 13 in Unarmed Combat
  7045 | D:9      | Reached skill level 3 in Dodging
  7049 | D:9      | 7049 ||| Stepping ~*~*~tactically~*~*~ (stealth).
  7058 | D:9      | 7058 ||| Stepping ~*~*~tactically~*~*~ (outnumbered).
  7059 | D:9      | 7059 ||| Stepping ~*~*~tactically~*~*~ (outnumbered).
  7340 | D:9      | Reached skill level 14 in Unarmed Combat
  7433 | D:9      | Noticed a deep elf zephyrmancer
  7440 | D:9      | Killed a deep elf zephyrmancer
  7530 | D:9      | 7530 ||| DROPPING ring of wizardry.
  7547 | D:10     | Entered Level 10 of the Dungeon
  7547 | D:10     | Found a flagged portal.
  7548 | D:10     | 7548 ||| Stepping ~*~*~tactically~*~*~ (stealth).
  7657 | D:10     | Noticed a two-headed ogre
  7664 | D:10     | Killed a two-headed ogre
  7665 | D:10     | Reached XP level 11. HP: 80/105 MP: 11/11
  7759 | D:10     | 7759 ||| Stepping ~*~*~tactically~*~*~ (stealth).
  7761 | D:10     | 7761 ||| Stepping ~*~*~tactically~*~*~ (hiding).
  7768 | D:10     | 7768 ||| Stepping ~*~*~tactically~*~*~ (outnumbered).
  7771 | D:10     | 7771 ||| Stepping ~*~*~tactically~*~*~ (hiding).
  7774 | D:10     | Reached skill level 15 in Unarmed Combat
  7786 | D:10     | 7786 ||| Stepping ~*~*~tactically~*~*~ (hiding).
  7897 | D:10     | 7897 ||| Stepping ~*~*~tactically~*~*~ (stealth).
  7902 | D:10     | 7902 ||| FLEEEEING.
  7903 | D:10     | 7903 ||| FLEEEEING.
  7904 | D:10     | 7904 ||| FLEEEEING.
  7905 | D:10     | 7905 ||| FLEEEEING.
  7906 | D:10     | 7906 ||| FLEEEEING.
  7908 | D:10     | 7908 ||| Stepping ~*~*~tactically~*~*~ (stealth).
  7936 | D:10     | Noticed a two-headed ogre
  7940 | D:10     | Killed a two-headed ogre
  7943 | D:10     | 7943 ||| FLEEEEING.
  7945 | D:10     | 7945 ||| FLEEEEING.
  7946 | D:10     | 7946 ||| FLEEEEING.
  7947 | D:10     | 7947 ||| FLEEEEING.
  7948 | D:10     | 7948 ||| FLEEEEING.
  7949 | D:10     | 7949 ||| FLEEEEING.
  7952 | D:10     | 7952 ||| FLEEEEING.
  7953 | D:10     | 7953 ||| FLEEEEING.
  7954 | D:10     | 7954 ||| FLEEEEING.
  7955 | D:10     | 7955 ||| FLEEEEING.
  7958 | D:10     | 7958 ||| FLEEEEING.
  8016 | D:10     | 8016 ||| Stepping ~*~*~tactically~*~*~ (stealth).
  8063 | D:10     | Found an iron altar of Okawaru.
  8075 | D:10     | Found the +8 demon trident "Rift" {distort, reach+}
  8079 | D:10     | 8079 ||| INVOKING Fiery Armour.
  8247 | D:10     | Reached skill level 16 in Unarmed Combat
  8253 | D:10     | 8253 ||| Stepping ~*~*~tactically~*~*~ (stealth).
  8344 | D:10     | 8344 ||| DRINKING 2 sapphire potions.
  8345 | D:10     | 8345 ||| READING 2 scrolls of identify.
  8345 | D:10     | 8345 ||| IDENTIFYING golden potion
  8346 | D:10     | 8346 ||| DROPPING potion of invisibility.
  8347 | D:10     | 8347 ||| DROPPING potion of attraction.
  8520 | D:11     | Found a staircase to the Lair.
  8583 | D:11     | Noticed a two-headed ogre
  8586 | D:11     | 8586 ||| FLEEEEING.
  8587 | D:11     | 8587 ||| FLEEEEING.
  8588 | D:11     | 8588 ||| FLEEEEING.
  8591 | D:11     | Killed a two-headed ogre
  8606 | D:11     | Noticed a boulder beetle
  8607 | D:11     | 8607 ||| INVOKING Fiery Armour.
  8615 | D:11     | Killed a boulder beetle
  8629 | D:11     | 8629 ||| Stepping ~*~*~tactically~*~*~ (outnumbered).
  8630 | D:11     | 8630 ||| Stepping ~*~*~tactically~*~*~ (outnumbered).
  8632 | D:11     | 8632 ||| Stepping ~*~*~tactically~*~*~ (outnumbered).
  8633 | D:11     | 8633 ||| Stepping ~*~*~tactically~*~*~ (outnumbered).
  8634 | D:11     | 8634 ||| Stepping ~*~*~tactically~*~*~ (outnumbered).
  8635 | D:11     | 8635 ||| Stepping ~*~*~tactically~*~*~ (outnumbered).
  8636 | D:11     | 8636 ||| Stepping ~*~*~tactically~*~*~ (outnumbered).
  8637 | D:11     | 8637 ||| Stepping ~*~*~tactically~*~*~ (outnumbered).
  8638 | D:11     | 8638 ||| Stepping ~*~*~tactically~*~*~ (outnumbered).
  8642 | D:11     | 8642 ||| Stepping ~*~*~tactically~*~*~ (outnumbered).
  8643 | D:11     | 8643 ||| Stepping ~*~*~tactically~*~*~ (outnumbered).
  8644 | D:11     | 8644 ||| Stepping ~*~*~tactically~*~*~ (outnumbered).
  8645 | D:11     | 8645 ||| Stepping ~*~*~tactically~*~*~ (hiding).
  8647 | D:11     | 8647 ||| Stepping ~*~*~tactically~*~*~ (outnumbered).
  8648 | D:11     | 8648 ||| Stepping ~*~*~tactically~*~*~ (outnumbered).
  8664 | D:11     | Reached skill level 6 in Throwing
  8664 | D:11     | Reached XP level 12. HP: 107/118 MP: 12/12
  8829 | D:11     | Noticed a two-headed ogre
  8839 | D:11     | Killed a two-headed ogre
  9032 | D:11     | Identified the +2 robe of Cheibriados, Howling {Harm Int-2
                  | Slay-6 SInv}
  9033 | D:11     | 9033 ||| Stepping ~*~*~tactically~*~*~ (stealth).
  9035 | D:11     | 9035 ||| Stepping ~*~*~tactically~*~*~ (stealth).
  9157 | D:11     | 9157 ||| FLEEEEING.
  9158 | D:11     | 9158 ||| FLEEEEING.
  9159 | D:11     | 9159 ||| FLEEEEING.
  9160 | D:11     | 9160 ||| FLEEEEING.
  9161 | D:11     | 9161 ||| STAIRDANCE
  9178 | D:10     | 9178 ||| READING scroll labelled BEEJORICLE.
  9178 | D:10     | Identified a scroll of acquirement
  9178 | D:10     | 9178 ||| ACQUIRING 596 gold pieces
  9178 | D:10     | Acquired 596 gold pieces
  9180 | D:10     | 9180 ||| DRINKING 2 black potions.
  9181 | D:10     | 9181 ||| READING 2 scrolls of identify.
  9181 | D:10     | 9181 ||| IDENTIFYING fizzy cyan potion
  9182 | D:10     | 9182 ||| DROPPING potion of degeneration.
  9337 | D:11     | 9337 ||| PLANNING LAIR
  9337 | D:11     | 9337 ||| DRINKING 2 sedimented green potions.
  9376 | Lair:1   | Entered Level 1 of the Lair of Beasts
  9414 | Lair:1   | Found a transporter.
  9414 | Lair:1   | Noticed a six-headed hydra
  9415 | Lair:1   | 9415 ||| INVOKING Fiery Armour.
  9423 | Lair:1   | Killed an eight-headed hydra
  9463 | Lair:1   | 9463 ||| Stepping ~*~*~tactically~*~*~ (stealth).
  9578 | Lair:1   | 9578 ||| Stepping ~*~*~tactically~*~*~ (stealth).
  9579 | Lair:1   | 9579 ||| Stepping ~*~*~tactically~*~*~ (stealth).
  9629 | Lair:1   | Found a transporter.
  9765 | Lair:1   | Noticed Prince Ribbit
  9766 | Lair:1   | 9766 ||| INVOKING Fiery Armour.
  9783 | Lair:1   | Killed Prince Ribbit
  9812 | Lair:1   | 9812 ||| Stepping ~*~*~tactically~*~*~ (stealth).
  9813 | Lair:1   | 9813 ||| Stepping ~*~*~tactically~*~*~ (stealth).
  9816 | Lair:1   | 9816 ||| Stepping ~*~*~tactically~*~*~ (stealth).
  9822 | Lair:1   | Reached skill level 17 in Unarmed Combat
  9831 | Lair:1   | 9831 ||| Stepping ~*~*~tactically~*~*~ (stealth).
  9832 | Lair:1   | 9832 ||| Stepping ~*~*~tactically~*~*~ (stealth).
 10121 | Lair:1   | 10121 ||| READING scroll labelled ROV LIUHEADOO.
 10372 | Lair:2   | Found a radiant altar of Vehumet.
 10397 | Lair:2   | Noticed a catoblepas
 10398 | Lair:2   | 10398 ||| Stepping ~*~*~tactically~*~*~ (hiding).
 10401 | Lair:2   | 10401 ||| INVOKING Fiery Armour.
 10402 | Lair:2   | 10402 ||| Stepping ~*~*~tactically~*~*~ (cloud).
 10406 | Lair:2   | 10406 ||| Stepping ~*~*~tactically~*~*~ (cloud).
 10408 | Lair:2   | 10408 ||| Stepping ~*~*~tactically~*~*~ (cloud).
 10412 | Lair:2   | 10412 ||| Stepping ~*~*~tactically~*~*~ (cloud).
 10413 | Lair:2   | 10413 ||| Stepping ~*~*~tactically~*~*~ (cloud).
 10415 | Lair:2   | 10415 ||| Stepping ~*~*~tactically~*~*~ (cloud).
 10415 | Lair:2   | Killed a catoblepas
 10499 | Lair:2   | 10499 ||| PLANNING CONVERSION TO OKAWARU
 10605 | D:10     | Fell from the grace of Ignis
 10605 | D:10     | Became a worshipper of Warmaster Okawaru
 10606 | D:10     | 10606 ||| PLANNING LAIR
 10606 | D:10     | 10606 ||| READING 2 scrolls of identify.
 10606 | D:10     | 10606 ||| IDENTIFYING sedimented coppery potion
 10813 | Lair:2   | Found a staircase to the Swamp.
 10814 | Lair:2   | 10814 ||| Stepping ~*~*~tactically~*~*~ (hiding).
 10815 | Lair:2   | 10815 ||| Stepping ~*~*~tactically~*~*~ (hiding).
 10824 | Lair:2   | Reached skill level 18 in Unarmed Combat
 11523 | Lair:3   | Found a staircase to the Snake Pit.
 11575 | Lair:3   | Reached XP level 13. HP: 113/124 MP: 13/13
 11612 | Lair:3   | Reached * piety under Okawaru
 11613 | Lair:3   | 11613 ||| INVOKING Heroism.
 11625 | Lair:3   | 11625 ||| INVOKING Heroism.
 11918 | Lair:3   | 11918 ||| Stepping ~*~*~tactically~*~*~ (outnumbered).
 11921 | Lair:3   | 11921 ||| Stepping ~*~*~tactically~*~*~ (outnumbered).
 12262 | Lair:3   | 12262 ||| READING 5 scrolls of identify.
 12262 | Lair:3   | 12262 ||| IDENTIFYING murky coppery potion
 12263 | Lair:3   | 12263 ||| READING 4 scrolls of identify.
 12263 | Lair:3   | 12263 ||| IDENTIFYING fizzy blue potion
 12264 | Lair:3   | 12264 ||| DROPPING potion of brilliance.
 12265 | Lair:3   | 12265 ||| DROPPING potion of flight.
 12311 | Lair:4   | Found a viscous altar of Jiyva.
 12311 | Lair:4   | Found a staircase to the Slime Pits.
 12366 | Lair:4   | Reached skill level 1 in Invocations
 12366 | Lair:4   | 12366 ||| Stepping ~*~*~tactically~*~*~ (stealth).
 12367 | Lair:4   | 12367 ||| Stepping ~*~*~tactically~*~*~ (stealth).
 12369 | Lair:4   | 12369 ||| INVOKING Heroism.
 12473 | Lair:4   | 12473 ||| INVOKING Heroism.
 12483 | Lair:4   | 12483 ||| Stepping ~*~*~tactically~*~*~ (hiding).
 12486 | Lair:4   | 12486 ||| Stepping ~*~*~tactically~*~*~ (stealth).
 12502 | Lair:4   | 12502 ||| INVOKING Heroism.
 12503 | Lair:4   | 12503 ||| Stepping ~*~*~tactically~*~*~ (outnumbered).
 12520 | Lair:4   | 12520 ||| Stepping ~*~*~tactically~*~*~ (stealth).
 12527 | Lair:4   | 12527 ||| INVOKING Heroism.
 12533 | Lair:4   | 12533 ||| Stepping ~*~*~tactically~*~*~ (stealth).
 12534 | Lair:4   | 12534 ||| Stepping ~*~*~tactically~*~*~ (stealth).
 12540 | Lair:4   | HP: 30/127 [cane toad (8)]
 12541 | Lair:4   | 12541 ||| READING scroll of teleportation.
 12542 | Lair:4   | 12542 ||| DRINKING 2 potions of heal wounds.
 12544 | Lair:4   | 12544 ||| DRINKING potion of heal wounds.
 12550 | Lair:4   | 12550 ||| INVOKING Heroism.
 12550 | Lair:4   | HP: 31/127 [meliai/divine providence (5)]
 12553 | Lair:4   | HP: 15/127 [meliai/+0 war axe (8)]
 12554 | Lair:4   | HP: 6/127 [killer bee (2)]
 12555 | Lair:4   | HP: 2/127 [killer bee (1)]
 12555 | Lair:4   | Slain by a meliai

Levels and vault maps discovered:
D:1:      amcnicky_arrival_single_pillar, layout_loops_ring,
          minmay_misc_feat_five, minmay_misc_feat_diagonals
D:2:      layout_loops_corners
D:3:      layout_loops_corners, zin_statuary, nicolae_uskayaw_suspiria,
          shapermc_ecumenical_altar_mp_urbaneastern,
          cheibrodos_sewer_entry_drain, uniq_natasha
D:4:      layout_gridville, temple_fountains, nicolae_shop_gadgets
D:5:      lemuel_insect_pit, layout_basic, mainiacjoe_overflow_paths,
          amcnicky_altar_gilded, gammafunk_ghost_cemetery, uniq_duvessa
D:6:      layout_cave_pods, nicolae_wu_jian_wuxing_cycle
D:7:      layout_basic, chequers_temple_overflow_statue_of_worship,
          serial_shops, shop_fountains
D:8:      layout_gridville, nicolae_tso_besieged_by_evil,
          minmay_misc_feat_four_crosses, minmay_small_thing
D:9:      layout_roguey, david_orc_3, guppyfry_early_elven_hall
D:10:     layout_loops_ring, kennysheep_okawaru_gauntlet, enter_bailey_5,
          serial_ice, serial_ice_i, serial_ice_f, serial_ice_d, serial_ice_b,
          serial_ice_c, serial_ice_g, minmay_tree_intersection
D:11:     layout_irregular_city, due_lair_maze_entry_diamond
Lair:1:   gammafunk_cloud_chamber, layout_chaotic_city,
          grunt_forest_small_clearing_treed, uniq_prince_ribbit2
Lair:2:   wander_river, layout_chaotic_city, skrybe_swamp_entry_bodies,
          basic_altar, st_stairs_10, chequers_serial_rivers_large_a
Lair:3:   layout_layer_cave, guppyfry_snake_entry_island, lemuel_fruit_tree,
          infiniplex_staircase_pool_2
Lair:4:   regret_index_wax_grids, layout_regular_city, slime_entry_1,
          kennysheep_snail_temple

Skill      XL: |  1  2  3  4  5  6  7  8  9 10 11 12 13 |
---------------+----------------------------------------+-----
Unarmed Combat | 4 5 7 8 10 12 14 16 18 | 18.0
Dodging        | 2 3 4 |  4.0
Fighting       | 3 4 6 7 |  7.9
Armour         | 1 2 |  2.1
Throwing       | 3 6 7 |  7.1
Invocations    | 2 |  2.3
Spellcasting   | |  1.0
Fire Magic     | |  2.1

Action                   |  1- 3 |  4- 6 |  7- 9 | 10-12 | 13-15 || total
-------------------------+-------+-------+-------+-------+-------++-------
Melee: Unarmed           |   112 |   101 |   231 |   414 |    73 ||   931
       Punch             |     4 |     2 |     6 |    37 |     7 ||    56
Throw: Boomerang         |       |       |       |    42 |       ||    42
       Large rock        |       |       |       |    56 |    12 ||    68
Invok: Fiery Armour      |       |     1 |     4 |     7 |       ||    12
       Heroism           |       |       |       |       |     7 ||     7
  Use: Scroll            |     6 |     5 |     1 |     7 |     3 ||    22
       Potion            |     1 |     2 |     1 |     3 |     2 ||     9
Armor: Robe              |    36 |    35 |       |       |       ||    71
       Troll leather arm |       |    13 |    58 |   107 |    26 ||   204
Dodge: Dodged            |    32 |    48 |    63 |   124 |    31 ||   298
Block: Other             |       |     5 |    42 |    66 |    13 ||   126
       Reflection        |       |       |     1 |     4 |       ||     5

Table legend:
 A = Non-vault XP
 B = Vault XP
 C = Vault XP percentage of total XP
 D = Non-vault monster count
 E = Vault monster count
 F = Vault count percentage of total count
                 A         B        C        D         E       F
            +---------+---------+-------+---------+---------+-------
      Total |   32554 |    9352 |  22.3 |     270 |      87 |  24.4
            +---------+---------+-------+---------+---------+-------
        D:1 |      21 |       0 |   0.0 |      12 |       0 |   0.0
        D:2 |      26 |       0 |   0.0 |      16 |       0 |   0.0
        D:3 |     152 |      38 |  20.0 |      27 |       3 |  10.0
        D:4 |     111 |       0 |   0.0 |      12 |       0 |   0.0
        D:5 |    1018 |     214 |  17.4 |      20 |       2 |   9.1
        D:6 |    1141 |       0 |   0.0 |      23 |       0 |   0.0
        D:7 |    1105 |       0 |   0.0 |      23 |       0 |   0.0
        D:8 |    2763 |      49 |   1.7 |      23 |      10 |  30.3
        D:9 |    2892 |     895 |  23.6 |      21 |       8 |  27.6
       D:10 |    4015 |    2306 |  36.5 |      17 |      19 |  52.8
       D:11 |    6379 |    1529 |  19.3 |      26 |      10 |  27.8
     Lair:1 |    6864 |     787 |  10.3 |      22 |       3 |  12.0
     Lair:2 |    2963 |     844 |  22.2 |      11 |       2 |  15.4
     Lair:3 |    2610 |     326 |  11.1 |      15 |       2 |  11.8
     Lair:4 |     494 |    2209 |  81.7 |       2 |      19 |  90.5
      Sewer |       0 |     155 | 100.0 |       0 |       9 | 100.0
            +---------+---------+-------+---------+---------+-------
